 Dungeon Crawl Stone Soup version 0.22-a0-348-gd16d139 (webtiles) character file.

102 GameOver the Sneak (level 4, -5/36 HPs)
             Began as a Naga Fire Elementalist on Apr 9, 2018.
             Was a Follower of Cheibriados.
             Slain by a gnoll
             ... wielding a +0 club
              (8 damage)
             ... on level 4 of the Dungeon.
             The game lasted 00:13:11 (2199 turns).

GameOver the Sneak (Naga Fire Elementalist)         Turns: 2199, Time: 00:13:11

Health: -5/36      AC:  2    Str: 12    XL:     4   Next: 78%
Magic:  5/7        EV: 10    Int: 19    God:    Cheibriados [*.....]
Gold:   151        SH:  0    Dex: 13    Spells: 1/7 levels left

rFire    + . .     SeeInvis +   g - -3 spear (curse)
rCold    + . .     Gourm    .   (no shield)
rNeg     . . .     Faith    .   a - +0 robe
rPois    +         Spirit   .   (no helmet)
rElec    .         Reflect  .   j - scarf {rC+ rF+}
rCorr    .         Harm     .   (no gloves)
MR       .....                  (no barding)
Stlth    +++.......             (no amulet)
HPRegen  0.12/turn              (no ring)
MPRegen  0.10/turn              (no ring)

@: very slow
A: large, see invisible, deformed body, poison resistance, slowness 2, slow
metabolism 1, spit poison 1, AC +1
a: Spit Poison, Bend Time, Renounce Religion


You were on level 4 of the Dungeon.
You worshipped Cheibriados.
Cheibriados was aware of your devotion.
You were not hungry.

You visited 1 branch of the dungeon, and saw 4 of its levels.

You collected 151 gold pieces.

Inventory:

Hand Weapons
 b - a +0 dagger
 f - a +0 hand axe
 g - a cursed -3 spear (weapon)
 i - a +0 mace
 r - a +0 spear
Missiles
 m - 21 bolts
Armour
 a - a +0 robe (worn)
 d - a +0 buckler
 j - a scarf of resistance (worn)
Scrolls
 o - a scroll of enchant weapon
 p - 2 scrolls of magic mapping
Potions
 e - a potion of brilliance
 h - 2 potions of might
 q - a potion of haste {unknown}
 s - a potion of heal wounds {unknown}
Comestibles
 c - 7 rations


   Skills:
 - Level 1.5 Dodging
 + Level 4.4 Stealth
 - Level 2.0 Spellcasting
 * Level 3.2 Conjurations
 + Level 3.6 Fire Magic


You had one spell level left.
You knew the following spells:

 Your Spells              Type           Power        Failure   Level  Hunger
a - Flame Tongue          Conj/Fire      ###..        4%          1    #......
s - Sticky Flame          Conj/Fire      ###.....     38%         4    #####..
z - Apportation           Tloc           #.....       17%         1    #......


Dungeon Overview and Level Annotations

Branches:
Dungeon (4/15)
 Temple: D:4-7

Altars:
Cheibriados
The Shining One

Annotations:
D:3 grindst0ne's ghost, amateur OpAs
D:4 1 runed door


Innate Abilities, Weirdness & Mutations

You cannot wear boots.
Your serpentine skin is tough. (AC +1)
You have supernaturally acute eyesight. (SInv)
Armour fits poorly on your strangely shaped body.
Your system is resistant to poisons. (rPois)
You cover ground very slowly.
You have a slow metabolism.
You can spit poison.


Message History

Aim: a gnoll, wielding a whip The splash of poison hits the gnoll.
The gnoll is severely wounded.
You feel slightly more hungry. The gnoll hits you with a club.
As you read the scroll labeled XEHOMUATOPN, it crumbles to dust.
The creatures around you are filled with an inner flame!
It was a scroll of immolation.
The gnoll hits you with a club!
It was a potion of brilliance.
You feel clever all of a sudden.
You have got your breath back.
It was a potion of flight.
You feel very buoyant.
You fly up into the air.
The gnoll hits you with a club!
* * * LOW HITPOINT WARNING * * *
It was a potion of cancellation.
Your magical effects are unravelling.
You feel magically purged.
You float gracefully downwards.
You feel a little less clever now. The gnoll hits you with a club!
You die...

#.# #.# #..# #.#
#..# #.# #..#
#######<# ..#
........# ..#
........# #.#
........# #.#
####....# #@#
#....# #g# #....#
#g# #....# #g# .
###...########$#
###.....'..g.g.).#
........##########
+#.g....#
p#...g###


You could see 3 gnolls.

Vanquished Creatures
  A gnoll (D:4)
  3 adders
  4 dart slugs
  2 leopard geckos (D:2)
  An orc (D:3)
  5 giant cockroaches
  8 hobgoblins
  A quokka (D:2)
  6 bats
  7 frilled lizards
  5 goblins
  A goblin skeleton (D:4)
  A jackal skeleton (D:4)
  6 kobolds
  A kobold skeleton (D:4)
  4 rats
56 creatures vanquished.

Notes
Turn   | Place    | Note
-------+----------+-------------------------------------------
     0 | D:1      | GameOver the Naga Fire Elementalist began the quest for the Orb.
     0 | D:1      | Reached XP level 1. HP: 15/15 MP: 3/3
   202 | D:1      | Reached XP level 2. HP: 22/22 MP: 5/5
   794 | D:2      | Reached XP level 3. HP: 28/28 MP: 3/6
  1105 | D:2      | Reached skill level 4 in Stealth
  1342 | D:2      | Reached XP level 4. HP: 36/36 MP: 7/7
  1343 | D:2      | Found a snail-covered altar of Cheibriados.
  1349 | D:2      | Became a worshipper of Cheibriados the Contemplative
  1574 | D:3      | Noticed grindst0ne's ghost (amateur OpAs)
  1601 | D:3      | Found a glowing golden altar of the Shining One.
  1653 | D:3      | Learned a level 4 spell: Sticky Flame
  1706 | D:3      | Learned a level 1 spell: Apportation
  2154 | D:4      | Reached * piety under Cheibriados
  2157 | D:4      | Found a runed door.
  2157 | D:4      | Noticed a human
  2199 | D:4      | Slain by a gnoll

Vault maps used:
D:1:      co_arrival_random_square_maze
D:2:      marbit_many_paths, first_ration, serial_bayou, serial_bayou_pond_d,
          serial_bayou_pond_a, serial_bayou_pond_d, serial_bayou_pond_c
D:3:      tso_metal_star
D:4:      dk_yredelemnul_ordeal

Skill      XL: |  1  2  3  4 |
---------------+-------------+-----
Conjurations   | 2 3 |  3.2
Stealth        | 4 |  4.4
Dodging        | |  1.5
Spellcasting   | |  2.0
Fire Magic     | |  3.6

Action                   |  1- 3 |  4- 6 || total
-------------------------+-------+-------++-------
Melee: Spear             |     1 |     2 ||     3
 Cast: Flame Tongue      |    24 |    15 ||    39
 Abil: Spit Poison       |    33 |    19 ||    52
  Use: Scroll            |     4 |     2 ||     6
       Potion            |       |     3 ||     3
 Stab: Sleeping          |     1 |     1 ||     2
  Eat: Chunk             |     3 |     4 ||     7
Armor: Robe              |     2 |     6 ||     8
Dodge: Dodged            |     2 |    11 ||    13

Table legend:
 A = Spawn XP
 B = Non-spawn XP
 C = Spawn XP percentage of total XP
 D = Spawn monster count
 E = Non-spawn monster count
 F = Spawn count percentage of total count
 G = Total turns spent on level
                    A         B        C        D         E        F      G
               +---------+---------+-------+---------+---------+-------+---------
         Total |       0 |     147 |   0.0 |       0 |      56 |   0.0 |  2199
               +---------+---------+-------+---------+---------+-------+---------
           D:1 |       0 |      25 |   0.0 |       0 |      16 |   0.0 |   752
           D:2 |       0 |      57 |   0.0 |       0 |      22 |   0.0 |   821
           D:3 |       0 |      48 |   0.0 |       0 |      14 |   0.0 |   573
           D:4 |       0 |      17 |   0.0 |       0 |       4 |   0.0 |    53
               +---------+---------+-------+---------+---------+-------+---------
